 Dungeon Crawl Stone Soup version 0.31-a0-208-gdb31a4691d (webtiles) character file.

Game seed: 9744246502765503911

4 ytrimaz the Grave Robber (level 1, 13/13 HPs)
             Began as a Mummy Necromancer on June 29, 2023.
             Quit the game on level 1 of the Dungeon.
             The game lasted 00:00:20 (205 turns).

ytrimaz the Grave Robber (Mummy Necromancer)         Turns: 205, Time: 00:00:21

Health: 13/13      AC:  2    Str: 11    XL:     1   Next: 50%
Magic:  1/4        EV: 12    Int: 14    God:
Gold:   0          SH:  0    Dex: 12    Spells: 4/5 levels left

rFire   x . .        (no weapon)
rCold   + . .        (no shield)
rNeg    + + +        a - +0 robe
rPois   ∞            (no helmet)
rElec   .            (no cloak)
rCorr   .            (no gloves)
SInv    .            (no boots)
Will    .....        (no amulet)
Stlth   ++           (no ring)
HPRegen 0.22/turn    (no ring)
MPRegen 0.09/turn

%: faith
@: no status effects
A: cold resistance 1, negative energy resistance 3, torment resistance 2, heat
vulnerability 1, no potions, faith
a: no special abilities


You were on level 1 of the Dungeon.
You visited 1 branch of the dungeon, and saw 1 of its levels.


Innate Abilities, Weirdness & Mutations

You are immune to poison.
Your flesh is cold resistant. (rC+)
You are immune to negative energy. (rN+++)
You are immune to unholy pain and torment.
You are vulnerable to heat. (rF-)
You do not drink.
You have a special connection with the divine. (Faith)


   Skills:
 + Level 1.6 Dodging
 - Level 1.5 Stealth
 + Level 2.8 Spellcasting
 + Level 4.0 Necromancy


You had 4 spell levels left.
You knew the following spells:

 Your Spells              Type           Power      Damage    Failure   Level
a - Necrotise             Necr           52%        1d6       4%          1

Your spell library contained the following spells:

 Spells                   Type           Power      Damage    Failure   Level
 Vampiric Draining        Necr           13%        2d6       12%         3
 Animate Dead             Necr           13%        N/A       38%         4
 Agony                    Necr           13%        N/A       75%         5

Inventory:

Armour
 a - a +0 robe (worn)

Dungeon Overview and Level Annotations

Branches:
Dungeon (1/15) Zot: 5795

Altars:

##.## #.!.# #####.##
##'##..# ##...#.## ##.
## ##......# #...#.#
##.......## #
...[...####.........####
......J@..'.........'...
........###.........####
#...#.#.# ##.......## #
### ###$# ##.....## #.#
##...## #.# ##+##
#.##### #.# # ......#
#.# ##### #.###.####....


You could see an endoplasm.


Message History

You can't see any susceptible monsters within range! (Use Z to cast anyway.)
You can't see any susceptible monsters within range! (Use Z to cast anyway.)
You swap places.
You swap places.
A giant cockroach comes into view. 😎 MP[+1]
Your mp is fully restored (4).
A giant cockroach is nearby!
A giant cockroach is nearby!
A giant cockroach is nearby!
You can't see any susceptible monsters within range! (Use Z to cast anyway.)
You can't see any susceptible monsters within range! (Use Z to cast anyway.)
You swap places.
You miscast Necrotise.
You are very lightly contaminated with residual magic.
Nothing appears to happen.
The giant cockroach closely misses you. 😎 MP[-1]
You lost 1 mp, and now have 3/4 mp.
The giant cockroach writhes in agony.
The giant cockroach closely misses you. 😎 MP[-1]
You lost 1 mp, and now have 2/4 mp.
The giant cockroach writhes in agony.
You kill the giant cockroach! 😎 MP[-1]
You lost 1 mp, and now have 1/4 mp.
You can't see any susceptible monsters within range! (Use Z to cast anyway.) Unknown command.
You can't see any susceptible monsters within range! (Use Z to cast anyway.)
Your bat skeleton crumbles into dust!
Your magical contamination has completely faded away.
A rat comes into view. 😎 MP[+3]
Your mp is fully restored (4).
A rat is nearby!
A rat is nearby!
A rat is nearby!
You can't see any susceptible monsters within range! (Use Z to cast anyway.)
The rat writhes in agony.
You kill the rat!
The dead are walking! 😎 MP[-1]
You lost 1 mp, and now have 3/4 mp.
You can't see any susceptible monsters within range! (Use Z to cast anyway.)
You can't see any susceptible monsters within range! (Use Z to cast anyway.)
You swap places.
You open the door.
Key pressed, stopping explore.
A rat comes into view.
Your rat skeleton crumbles into dust!
There is an open door here. 😎 MP[+1]
Your mp is fully restored (4).
A rat is nearby!
A rat is nearby!
A rat is nearby!
A ball python comes into view.
The rat writhes in agony. 😎 MP[-1]
You lost 1 mp, and now have 3/4 mp.
The rat writhes in agony.
You kill the rat!
The dead are walking! 😎 MP[-1]
You lost 1 mp, and now have 2/4 mp.
You can't see any susceptible monsters within range! (Use Z to cast anyway.)
You can't see any susceptible monsters within range! (Use Z to cast anyway.)
The ball python hisses angrily.
The ball python writhes in agony.
You kill the ball python!
The dead are slithering! 😎 MP[-1]
You lost 1 mp, and now have 1/4 mp.
You can't see any susceptible monsters within range! (Use Z to cast anyway.)
You can't see any susceptible monsters within range! (Use Z to cast anyway.)
Your rat skeleton crumbles into dust!
You open the door.
Your ball python skeleton crumbles into dust!
Key pressed, stopping explore.
You open the door.
There is an open door here.
An endoplasm comes into view. 😎 MP[+3]
Your mp is fully restored (4).
An endoplasm is nearby!
An endoplasm is nearby!
The endoplasm quivers.
The endoplasm writhes in agony. 😎 MP[-1]
You lost 1 mp, and now have 3/4 mp.
The endoplasm barely resists. 😎 MP[-1]
You lost 1 mp, and now have 2/4 mp.
The endoplasm writhes in agony. 😎 MP[-1]
You lost 1 mp, and now have 1/4 mp.
An endoplasm is nearby!
An endoplasm is nearby!
An endoplasm is nearby!
An endoplasm is nearby!
Are you sure you want to abandon this character and quit the game? (Confirm with "yes".)

Action                     || total
---------------------------++-------
   Cast: Necrotise         ||    10
  Dodge: Dodged            ||     3

Levels and vault maps discovered:
D:1:      minmay_arrival_four_loops, layout_loops_corners, serial_shops, shop,
          nrook_loot_triangle, nrook_campfire, patterned_corridor

Notes
Turn   | Place    | Note
-------+----------+-------------------------------------------
     0 | D:1      | ytrimaz the Mummy Necromancer began the quest for the Orb.
     0 | D:1      | Reached XP level 1. HP: 13/13 MP: 4/4
     0 | D:1      | magus.rc [v1.9.6]
   205 | D:1      | Quit the game

Vanquished Creatures
  A giant cockroach (D:1)
  A ball python (D:1)
  A bat (D:1)
  2 rats (D:1)
5 creatures vanquished.

Table legend:
 A = Non-vault XP
 B = Vault XP
 C = Vault XP percentage of total XP
 D = Non-vault monster count
 E = Vault monster count
 F = Vault count percentage of total count
                 A         B        C        D         E       F
            +---------+---------+-------+---------+---------+-------
      Total |       6 |       0 |   0.0 |       5 |       0 |   0.0
            +---------+---------+-------+---------+---------+-------
        D:1 |       6 |       0 |   0.0 |       5 |       0 |   0.0
            +---------+---------+-------+---------+---------+-------

Action                     || total
---------------------------++-------
   Cast: Necrotise         ||    10
  Dodge: Dodged            ||     3

Illustrated notes

Table legend:
 A = Kills in this place as a percentage of kills in the entire game.
 B = Kills by you in this place as a percentage of kills by you in the entire game.
 C = Kills by friends in this place as a percentage of kills by friends in the entire game.
 D = Other kills in this place as a percentage of other kills in the entire game.
 E = Experience gained in this place as a percentage of experience gained in the entire game.
 F = Experience gained in this place divided by the number of levels of this place that you have seen.
                   A       B       C       D       E      F
               +-------+-------+-------+-------+-------+----------------------
         Total | 100.0 | 100.0 |   N/A |   N/A | 100.0 |   6.0
       Dungeon | 100.0 | 100.0 |   N/A |   N/A | 100.0 |   6.0
               +-------+-------+-------+-------+-------+----------------------

Table legend: (Time is in decaauts)
 A = Elapsed time spent in this place.
 B = Non-inter-level travel time spent in this place.
 C = Inter-level travel time spent in this place.
 D = Time resting spent in this place.
 E = Time spent auto-exploring this place.
 F = Levels seen in this place.
 G = Mean time per level.
                   A        B        C        D        E       F      G
               +--------+--------+--------+--------+--------+-----+--------+
         Total |    205 |    205 |      0 |      0 |    178 |   1 |  205.0 |
       Dungeon |    205 |    205 |      0 |      0 |    178 |   1 |  205.0 |
               +--------+--------+--------+--------+--------+-----+--------+

Top non-repeatable levels by time:
     D:1: 205 daAuts
